 Dungeon Crawl Stone Soup version 0.18.1-8-gdd0e5ea (webtiles) character file.

3687 protoss039 the Basher (level 10, -12/63 HPs)
             Began as a Gargoyle Fighter on June 1, 2016.
             Was a Follower of Okawaru.
             Killed by divine providence
             ... invoked by an orc priest
              (14 damage)
             ... on level 8 of the Dungeon.
             The game lasted 00:47:48 (9599 turns).

protoss039 the Basher (Gargoyle Fighter)            Turns: 9599, Time: 00:47:49

Health: -12/63     AC: 24    Str: 19 (22) XL:     10   Next: 13%
Magic:  12/12      EV:  6    Int:  8 (10) God:    Okawaru [*.....]
Gold:   444        SH:  0    Dex:  6 (9)  Spells: 0 memorised, 9 levels left

rFire  + . .     SeeInvis +     J - -3 war axe (curse)
rCold  . . .     Gourm    .     K - +0 plate armour
rNeg   + . .     Faith    .     (no shield)
rPois  ∞         Spirit   .     G - +2 hat
rElec  +         Dismiss  .     (no cloak)
rCorr  .         Reflect  .     A - +0 pair of gloves
SustAt .         Harm     .     (no boots)
MR     .....                    (no amulet)
Stlth  ..........               j - ring of see invisible
                                y - ring of protection from fire

@: about to teleport, not resistant to hostile enchantments, extremely
unstealthy
A: negative energy resistance 1, electricity resistance, unbreathing,
petrification resistance, rot immunity, AC +7
a: Heroism, Renounce Religion


You were on level 8 of the Dungeon.
You worshipped Okawaru.
Okawaru was aware of your devotion.
You were hungry.

You visited 2 branches of the dungeon, and saw 10 of its levels.

You collected 444 gold pieces.

Inventory:

Hand Weapons
 b - a +2 dire flail of draining
 e - a +0 giant spiked club
 q - a +2 glaive of venom
 s - a +2 halberd of freezing
 u - a +1 mace of protection
 J - a cursed -3 war axe (weapon)
Armour
 c - a +0 shield
 w - the cursed +0 pair of gloves "Nisaut Zohy" {Stlth+}
   (You found it on level 4 of the Dungeon)

   It makes you more stealthy.
   It has a curse placed upon it.
 A - a +0 pair of gloves (worn)
 G - a +2 hat (worn)
 K - a +0 plate armour (worn)
Magical Staves
 I - an uncursed staff of wizardry
Jewellery
 a - a +2 amulet of reflection {unknown}
 j - a ring of see invisible (right hand)
 l - an uncursed ring of poison resistance {unknown}
 r - an uncursed ring of flight
 x - a cursed ring of teleportation {unknown}
 y - a ring of protection from fire (left hand)
 C - an uncursed ring of wizardry
Wands
 h - a wand of disintegration (11/24)
 t - a wand of paralysis (10/24)
 B - a wand of paralysis (15/24)
 D - a wand of polymorph (0/24)
 E - a wand of slowing (20/48)
 F - a wand of lightning (6/15)
Scrolls
 p - 4 scrolls of magic mapping
 z - 5 scrolls of recharging
Potions
 i - 6 potions of flight
 k - a potion of degeneration
 m - 2 potions of magic
 o - 3 potions of lignification
Comestibles
 d - 4 chunks of flesh
 f - 2 bread rations
 g - 8 meat rations


   Skills:
 + Level 7.1 Fighting
 + Level 2.5(5.6) Axes
 + Level 8.6(8.8) Maces & Flails
 + Level 8.4 Armour
 - Level 0.1 Dodging
 * Level 3.0 Stealth
 + Level 5.9 Shields
 * Level 3.0 Invocations
 + Level 1.1 Evocations


You had 9 spell levels left.
You didn't know any spells.

Dungeon Overview and Level Annotations

Branches:
Dungeon (9/15)             Temple (1/1) D:4             Orc (0/2) D:9
   Lair: D:8-11

Altars:
Ashenzari
Cheibriados
Dithmenos
Elyvilon
Fedhas
Gozag
Kikubaaqudgha
Makhleb
Nemelex Xobeh
Okawaru
Pakellas
Qazlal
Ru
Sif Muna
Vehumet
Xom
Yredelemnul
Zin
The Shining One


Innate Abilities, Weirdness & Mutations

You are resistant to torment.
Your stone body is resilient (AC +7).
You are immune to poison.
You resist negative energy.
You are resistant to electric shocks.
You can survive without breathing.
You are immune to petrification.
You are immune to rotting.


Message History

Press: ? - help, Shift-Dir - straight line, f - orc warrior
Aim: an orc warrior, wielding a long sword and wearing a chain mail (lightly wounded, chance to defeat MR: 54%)
The orc warrior resists with significant effort.
Evoking this partially-identified wand wasted a few charges.
The orc priest invokes the aid of Beogh against you.
Beogh smites you!
* * * LOW HITPOINT WARNING * * *
The orc warrior hits you but does no damage.
You feel better. The orc warrior barely misses you.
The orc priest looks braver for a moment.
The orc priest mumbles some strange prayers to Beogh against you.
Beogh smites you!
* * * LOW HITPOINT WARNING * * *
As you read the scroll of teleportation, it crumbles to dust.
You feel strangely unstable.
The orc warrior hits you with a long sword.
* * * LOW HITPOINT WARNING * * *
The orc priest calls down the wrath of Beogh upon you.
Beogh smites you!
You die...

# #. ..#.## #### .. .....##.. ..
#.....### #.#######
#.......#####...[...######.. #
####.#.<..........#........# #
###..##....######.oo..##.#.. #
####...######..## #####.##.##.
###....### #@.####...........
#...#############.o.o..####.#....
#.####..........#####..###..# ##.
..# #..........# ##.......## .###
#..........# #..#......# ^..#
######.##### #.###.###..# .).#
#..######.###.# .. ...##
##.......[>...## ....#
#.#####.......#


You could see an orc warrior and an orc priest.

Vanquished Creatures
  Eustachio (D:4)
  A hippogriff (D:7)
  Menkaure (D:4)
  A steam dragon (D:7)
  Edmund (D:4)
  Duvessa (D:5)
  An ice beast (D:5)
  An orc warrior (D:6)
  2 sky beasts
  2 black bears
  3 necrophages
  2 ogres
  3 phantoms
  A centaur (D:5)
  Blork the orc (D:5)
  A big kobold (D:6)
  4 giant frogs
  Dowan (D:5)
  2 scorpions
  4 killer bees
  2 howler monkeys
  4 crimson imps
  2 hounds
  2 jellies
  5 orc wizards
  3 orc priests (D:6)
  A hound skeleton (D:7)
  8 adders
  6 gnolls
  A shadow imp (D:5)
  4 oozes
  2 adder skeletons
  3 worms
  3 dart slugs
  6 giant geckos
  24 orcs
  A ball python (D:5)
  6 giant cockroaches
  7 goblins
  10 hobgoblins
  8 jackals
  11 kobolds
  4 quokkas
  6 bats
  A giant gecko skeleton (D:5)
  8 giant newts
  A jackal skeleton (D:5)
  2 quokka skeletons
  6 rats
181 creatures vanquished.

Vanquished Creatures (collateral kills)
  2 orc priests (D:5)
  4 orcs (D:5)
  2 jackals (D:5)
8 creatures vanquished.

Grand Total: 189 creatures vanquished

Notes
Turn   | Place    | Note
--------------------------------------------------------------
     0 | D:1      | protoss039 the Gargoyle Fighter began the quest for the Orb.
     0 | D:1      | Reached XP level 1. HP: 14/14 MP: 1/1
    37 | D:1      | Reached XP level 2. HP: 13/19 MP: 2/2
   421 | D:1      | Reached XP level 3. HP: 24/24 MP: 3/3
   743 | D:1      | Found a sparkling altar of Nemelex Xobeh.
  1010 | D:2      | Reached XP level 4. HP: 28/29 MP: 4/4
  1143 | D:2      | Found a burning altar of Makhleb.
  2123 | D:3      | Reached XP level 5. HP: 32/33 MP: 5/5
  2578 | D:3      | Found a white marble altar of Elyvilon.
  2578 | D:3      | Found a glowing silver altar of Zin.
  2578 | D:3      | Found a glowing golden altar of the Shining One.
  2827 | D:4      | Noticed an ogre
  2838 | D:4      | Noticed Edmund
  2841 | D:4      | Killed an ogre
  2841 | D:4      | Reached skill level 5 in Shields
  2841 | D:4      | Reached XP level 6. HP: 18/39 MP: 6/6
  3295 | D:4      | Killed Edmund
  3345 | D:4      | Noticed Eustachio
  3345 | D:4      | Noticed Menkaure
  3353 | D:4      | Killed Menkaure
  3353 | D:4      | Reached XP level 7. HP: 24/44 MP: 7/7
  3370 | D:4      | Killed Eustachio
  3370 | D:4      | Reached skill level 5 in Fighting
  3370 | D:4      | Reached skill level 5 in Armour
  3629 | D:4      | Found a staircase to the Ecumenical Temple.
  3934 | D:4      | Reached skill level 5 in Maces & Flails
  4018 | D:4      | Got a pair of faintly humming gloves
  4271 | D:5      | Entered Level 5 of the Dungeon
  4288 | D:5      | Found a shadowy altar of Dithmenos.
  4398 | D:5      | Found a deep blue altar of Sif Muna.
  4426 | D:5      | Reached XP level 8. HP: 41/49 MP: 8/8
  4463 | D:5      | Identified the cursed +0 pair of gloves "Nisaut Zohy" {Stlth+} (You found it on level 4 of the Dungeon)
  4528 | D:5      | Found an oddly glowing altar of Pakellas.
  4820 | D:5      | Noticed Blork the orc
  4848 | D:5      | Killed Blork the orc
  5052 | D:5      | Noticed Dowan
  5070 | D:5      | Killed Dowan
  5266 | D:5      | Found a sparkling altar of Nemelex Xobeh.
  5274 | D:5      | Noticed Duvessa
  5292 | D:5      | Killed Duvessa
  5626 | D:5      | Reached XP level 9. HP: 42/55 MP: 9/9
  6281 | Temple   | Entered the Ecumenical Temple
  6289 | Temple   | Became a worshipper of Warmaster Okawaru
  6644 | D:6      | Found a radiant altar of Vehumet.
  6715 | D:6      | Reached skill level 1 in Evocations
  8145 | D:7      | Reached skill level 1 in Stealth
  8244 | D:7      | Reached skill level 1 in Axes
  8254 | D:7      | Reached skill level 1 in Invocations
  8377 | D:7      | Found a shattered altar of Ashenzari.
  8492 | D:7      | Reached * piety under Okawaru
  8959 | D:7      | Reached XP level 10. HP: 54/63 MP: 11/11
  9381 | D:8      | You fall through a shaft!
  9470 | D:9      | Found a staircase to the Orcish Mines.
  9595 | D:8      | HP: 3/63 [orc priest/divine providence (11)]
  9596 | D:8      | HP: 1/63 [orc warrior/long sword (2)]
  9599 | D:8      | Killed from afar by an orc priest

Skill      XL: |  1  2  3  4  5  6  7  8  9 10 |
---------------+-------------------------------+-----
Fighting       | 4 5 6 7 |  7.1
Shields        | 4 5 |  5.9
Armour         | 4 5 6 8 |  8.4
Maces & Flails | 3 4 5 7 8 |  8.6
Evocations     | 1 |  1.1
Stealth        | 2 3 |  3.0
Axes           | 2 |  2.5
Invocations    | 2 3 |  3.0
Dodging        | |  0.1

Action                   |  1- 3 |  4- 6 |  7- 9 | 10-12 || total
-------------------------+-------+-------+-------+-------++-------
Melee: Flail             |   127 |   241 |       |       ||   368
       Dire flail        |       |     9 |   254 |       ||   263
       Halberd           |       |       |    26 |       ||    26
       War axe           |       |       |   395 |   110 ||   505
Evoke: Deck              |       |       |     9 |       ||     9
       Wand              |       |       |     1 |     1 ||     2
  Use: Scroll            |       |     8 |    13 |     1 ||    22
       Potion            |       |     1 |     7 |     7 ||    15
 Stab: Invisible         |       |       |       |     1 ||     1
  Eat: Chunk             |     1 |     7 |    11 |     2 ||    21
       Pizza             |       |       |     2 |       ||     2
       Fruit             |       |       |     5 |     2 ||     7
Armor: Scale mail        |    60 |    68 |       |       ||   128
       Chain mail        |       |    89 |   151 |       ||   240
       Plate armour      |       |       |   531 |   155 ||   686
       Skin              |       |       |    11 |       ||    11
Dodge: Dodged            |    47 |    75 |   301 |    67 ||   490
Block: Shield            |    64 |   158 |       |       ||   222
